 Dungeon Crawl Stone Soup version 0.20-a0-268-gb6bde61 (webtiles) character file.

18 Din the Magician (level 2, 0/15 HPs)
             Began as a Deep Elf Wizard on Dec 8, 2016.
             Was an Initiate of the Shining One.
             Slain by a bat (1 damage)
             ... on level 1 of the Dungeon.
             The game lasted 00:06:20 (1243 turns).

Din the Magician (Deep Elf Wizard)                  Turns: 1243, Time: 00:06:21

Health: 0/15       AC:  4    Str:  4    XL:     2   Next: 48%
Magic:  1/10       EV: 13    Int: 22    God:    the Shining One [......]
Gold:   38         SH:  0    Dex: 13    Spells: 2/11 levels left

rFire  . . .     SeeInvis .     l - +0 flail
rCold  . . .     Gourm    .     a - +0 robe
rNeg   . . .     Faith    .     (no shield)
rPois  .         Spirit   .     b - +0 hat
rElec  .         Reflect  .     (no cloak)
rCorr  .         Harm     .     (no gloves)
MR     .....                    e - +1 pair of boots
Stlth  +.........               (no amulet)
                                (no ring)
                                (no ring)

@: very slightly contaminated, glowing
A: no striking features
a: Renounce Religion


You were on level 1 of the Dungeon.
You worshipped the Shining One.
The Shining One was noncommittal.
You were hungry.

You visited 1 branch of the dungeon, and saw 1 of its levels.

You collected 38 gold pieces.

Inventory:

Hand Weapons
 g - a +0 short sword
 l - a +0 flail (weapon)
Armour
 a - a +0 robe (worn)
 b - a +0 hat (worn)
 e - a +1 pair of boots (worn)
 j - a +0 ring mail
Scrolls
 h - a scroll of teleportation {unknown}
 k - a scroll of amnesia {unknown}
 n - a scroll of immolation {unknown}
Potions
 f - a potion of lignification {unknown}
 i - a potion of agility {unknown}
Books
 c - a book of Minor Magic

   Spells                             Type                      Level
   a - Magic Dart                     Conjuration                  1
   b - Blink                          Translocation                2
   c - Call Imp                       Summoning                    2
   d - Repel Missiles                 Charms/Air                   2
   e - Slow                           Hexes                        2
   f - Conjure Flame                  Conjuration/Fire             3
   g - Mephitic Cloud                 Conjuration/Poison/Air       3
Comestibles
 d - a bread ration
 m - a beef jerky


   Skills:
 + Level 2.6 Dodging
 + Level 2.8 Stealth
 + Level 5.1 Spellcasting
 + Level 1.2 Conjurations
 + Level 1.1 Summonings
 + Level 1.1 Translocations


You had 2 spell levels left.
You knew the following spells:

 Your Spells              Type           Power        Failure   Level  Hunger
a - Magic Dart            Conj           ##..         8%          1    None
b - Call Imp              Summ           ##......     12%         2    None
c - Blink                 Tloc           N/A          12%         2    None
d - Repel Missiles        Chrm/Air       #.....       17%         2    None
e - Slow                  Hex            #.......     17%         2    None


Dungeon Overview and Level Annotations

Branches:
Dungeon (1/15)

Altars:
The Shining One


Message History

The bat hits you but does no damage. The bat closely misses you.
The bat hits you but does no damage. x2
The bat barely misses you. The bat closely misses you. The bat misses you.
The bat closely misses you. The bat misses you.
The bat hits you but does no damage. The bat closely misses you.
The bat hits you.
* * * LOW HITPOINT WARNING * * *
Casting: Blink
Confirm with . or Enter, or press ? or * to list all spells.
You miscast Blink.
Your skin tingles.
The bat hits you but does no damage. The bat closely misses you.
The bat barely misses you. The bat barely misses you.
The bat closely misses you. The bat hits you.
You die...

#.##..# ########.#####
#........#...# #............#
#........###.#
#........###.####
#...............#
#...........g...#####
#............b@.....#
#........###........#
#........######.....#### .
#...........#....♣♣♣...######
.
###...#####.......♣..........
. #...# #..............## .#
#...# #..♣..........♣..###.#
#... #..♣♣..........♣♣...#.#
......................#


You could see a hobgoblin and a bat.

Vanquished Creatures
  A gnoll (D:1)
  A goblin (D:1)
  A hobgoblin (D:1)
  2 jackals (D:1)
  A bat (D:1)
  A frilled lizard (D:1)
  A kobold (D:1)
  A rat (D:1)
9 creatures vanquished.

Notes
Turn   | Place    | Note
-------+----------+-------------------------------------------
     0 | D:1      | Din the Deep Elf Wizard began the quest for the Orb.
     0 | D:1      | Reached XP level 1. HP: 10/10 MP: 7/7
    16 | D:1      | Found a glowing golden altar of the Shining One.
    23 | D:1      | Became a worshipper of the Shining One
   562 | D:1      | Reached XP level 2. HP: 4/15 MP: 5/9
  1157 | D:1      | Reached skill level 5 in Spellcasting
  1161 | D:1      | Learned a level 2 spell: Call Imp
  1164 | D:1      | Learned a level 2 spell: Blink
  1167 | D:1      | Learned a level 2 spell: Repel Missiles
  1170 | D:1      | Learned a level 2 spell: Slow
  1224 | D:1      | The Shining One protects you from harm!
  1243 | D:1      | Slain by a bat

Vault maps used:
D:1:      tarquinn_simple_flora_water_e, kennysheep_decorative_pillar, tso_altar

Skill      XL: |  1  2 |
---------------+-------+-----
Spellcasting   | 5 |  5.1
Dodging        | |  2.6
Stealth        | |  2.8
Conjurations   | |  1.2
Summonings     | |  1.1
Translocations | |  1.1

Action                   || total
-------------------------++-------
Melee: Short sword       ||     6
       Flail             ||     6
 Cast: Magic Dart        ||    17
       Blink             ||     3
Armor: Robe              ||    14
Dodge: Dodged            ||    39
